 Dungeon Crawl Stone Soup version 0.18-a0-844-g9229740 (webtiles) character file.

46 M4edhros the Charlatan (level 3, 0/23 HPs)
             Began as an Octopode Artificer on Dec 18, 2015.
             Succumbed to a worker ant's poison
             ... on level 5 of the Dungeon.
             The game lasted 00:01:24 (1361 turns).

M4edhros the Charlatan (Octopode Artificer)         Turns: 1361, Time: 00:01:24

Health: 0/23       AC:  1    Str: 10    XL:     3   Next: 66%
Magic:  5/5        EV: 13    Int: 15    God:
Gold:   75         SH:  0    Dex: 12    Spells: 0 memorised, 2 levels left

rFire  + . .     SeeInvis .     a - +0 short sword
rCold  + . .     Gourm    .     (no shield)
rNeg   . . .     Faith    .     (helmet restricted)
rPois  +         Spirit   .     (no amulet)
rElec  +         Dismiss  .     (no ring)
rCorr  +         Reflect  .     (no ring)
SustAt .         Harm     .     (no ring)
MR     .....                    (no ring)
Stlth  +++.......               (no ring)
                                (no ring)
                                (no ring)
                                (no ring)

@: lethally poisoned (0 -> -3), resistant, not resistant to hostile
enchantments, fairly stealthy
A: almost no armour, amphibious, 8 rings, constrict 8, camouflage 1, gelatinous
body 1
a: no special abilities


You were on level 5 of the Dungeon.
You were very hungry.

You visited 1 branch of the dungeon, and saw 4 of its levels.

You collected 75 gold pieces.

Inventory:

Hand Weapons
 a - a +0 short sword (weapon)
 n - a +0 hunting sling
Wands
 b - a wand of flame (12)
 c - a wand of enslavement (15)
 d - a wand of random effects (15)
Scrolls
 h - a scroll of remove curse {unknown}
 i - 3 scrolls of identify {unknown}
 j - a scroll of amnesia {unknown}
 k - a scroll of magic mapping {unknown}
 m - a scroll of noise {unknown}
Books
 l - a book of Dreams

   Spells                             Type                      Level
   a - Ensorcelled Hibernation        Hexes/Ice                    2
   b - Phase Shift                    Translocation                5
   c - Shadow Creatures               Summoning                    5
   d - Silence                        Hexes/Air                    5
   e - Darkness                       Hexes                        6
   f - Mass Confusion                 Hexes                        6
Comestibles
 f - 3 bread rations
 g - a beef jerky


   Skills:
 - Level 1.0 Fighting
 - Level 1.0 Short Blades
 * Level 2.8 Dodging
 * Level 3.3 Stealth
 + Level 3.6 Evocations


You had 2 spell levels left.
You didn't know any spells.

Dungeon Overview and Level Annotations

Branches:
Dungeon (3/15)

Altars:
Cheibriados
Qazlal
Trog

Annotations:
D:3 M4edhros's ghost, amateur OpAr


Innate Abilities, Weirdness & Mutations

You cannot wear most types of armour.
You are amphibious.
You can wear up to eight rings at the same time.
You can use your tentacles to constrict eight enemies at once.
Your skin changes colour to match your surroundings (Stealth).
Your rubbery body absorbs attacks (AC +1).


Message History

Your experience leads to an increase in your attributes!
Increase (S)trength, (I)ntelligence, or (D)exterity?
You feel clever.
This wand has 12 charges left.
* * * LOW HITPOINT WARNING * * *
You feel sick.
Drink which item? (? for menu, Esc to quit)
It was a potion of resistance.
You feel protected.
You see here a bread ration.
f - 3 bread rations (gained 1)
* * * LOW HITPOINT WARNING * * *
You feel sick.
* * * LOW HITPOINT WARNING * * *
You feel sick.
* * * LOW HITPOINT WARNING * * *
You feel sick.
* * * LOW HITPOINT WARNING * * *
You feel sick.
You die...

##################
.......@.........# #
################.##.#.#
................>#
###########.##.###
#.##.# #....# ######


There were no monsters in sight!

Vanquished Creatures
  A worker ant (D:5)
  2 worms (D:2)
  A bat (D:3)
  2 hobgoblins (D:1)
  2 ball pythons
  3 giant cockroaches
  A giant newt (D:1)
  2 goblins
  2 kobolds (D:1)
  A quokka (D:2)
17 creatures vanquished.

Notes
Turn   | Place    | Note
--------------------------------------------------------------
     0 | D:1      | M4edhros the Octopode Artificer began the quest for the Orb.
     0 | D:1      | Reached XP level 1. HP: 13/13 MP: 3/3
   617 | D:2      | Reached XP level 2. HP: 6/18 MP: 4/4
  1007 | D:3      | Noticed M4edhros's ghost (amateur OpAr)
  1129 | D:3      | Found a bloodstained altar of Trog.
  1190 | D:3      | Found a snail-covered altar of Cheibriados.
  1229 | D:3      | Found a stormy altar of Qazlal.
  1330 | D:3      | You fall through a shaft for 2 floors!
  1330 | D:5      | Entered Level 5 of the Dungeon
  1345 | D:5      | Reached XP level 3. HP: 5/23 MP: 5/5
  1357 | D:5      | HP: 1/23 [poisoned by a worker ant]
  1361 | D:5      | Succumbed to a worker ant's poison

Vault maps used:
D:1:      lightli_arrival_farm
D:2:      kennysheep_goblin_castle, gammafunk_temple_overflow_elements,
          uniq_jessica, uniq_robin
D:3:      cheibriados_altar_1, nicolae_qazlal_general_emergency,
          trog_three_pillars_becter
D:5:      first_bread, okawaru_ov_weapons_minmay

Action                   || total
-------------------------++-------
Melee: Short sword       ||    36
Evoke: Wand              ||     3
  Use: Potion            ||     1
 Stab: Sleeping          ||     6
